[Event "*** Titled Tuesday Blitz"]
[Site "Chess.com"]
[Date "2020.05.19"]
[Round "2"]
[White "GjakanTati"]
[Black "Er_is_geen_hoop_meer"]
[Result "0-1"]
[WhiteElo "2629"]
[BlackElo "2412"]
[TimeControl "180+1"]
[EndTime "12:16:41 PDT"]
[Termination "Er_is_geen_hoop_meer won by resignation"]

1. d4 e5 2. dxe5 d6 3. exd6 Bxd6 4.
Nf3 Bg4 5. g3 Qe7 6. Bg2 Nc6 7.
Nc3 O-O-O 8. Nd5 Qe6 9. c4 Bxf3 10. Bxf3 Ne5 11. Bg2 c6 12. Nc3 Bc5 13. Qxd8+ Kxd8 14. O-O Nxc4 15. Bf4 Nf6 16. Rac1 Ke7 17. b3 Ne5 18. Nb5 Bb6 19. Nc3 Nd5 20. Nxd5+ cxd5 21. Rfd1 Rd8 22. Bd2 a5 23. b4 Ng4 24. e3 a4 25. b5 Kf8 26. Bb4+ Kg8 27. Bf3 Nxf2 28. Kxf2 Qxe3+ 29. Kg2 Qf2+ 30. Kh3 Qxf3 31. Rd2 Be3 0-1

[Event "*** Titled Tuesday Blitz"]
[Site "Chess.com"]
[Date "2020.05.19"]
[Round "2"]
[White "mshuaau0"]
[Black "CaspiIsrael"]
[Result "0-1"]
[WhiteElo "2252"]
[BlackElo "2606"]
[TimeControl "180+1"]
[EndTime "12:16:41 PDT"]
[Termination "CaspiIsrael won by resignation"]

1. e4 d5 2. exd5 Qxd5 3. Nc3 Qd6 4. Nf3 Nf6 5. Bc4 a6 6. O-O b5 7. Bb3 e6 8. d3 Be7 9. Ne4 Nxe4 10. dxe4 Qxd1 11.
Rxd1 Bb7 12. e5 Nd7 13. Bf4 g5 14. Bg3 h5 15. h3 g4 16. hxg4 hxg4 17. Nh2 Rg8 18.
Rd4 c5 19. Rxd7 Kxd7 20. c3 Be4 21. Bd1 Bf5 22. Nf1 Bg5 23. Be2 Kc6 24. Ne3 Bxe3 25.
fxe3 Rad8 26. Be1 Be4 27. g3 Rh8 28. Bxg4 Rh1+ 29. Kf2 Rdh8 30. Ke2 R8h2+ 31. Kd1 Bc2+ 0-1

[Event "*** Titled Tuesday Blitz"]
[Site "Chess.com"]
[Date "2020.05.19"]
[Round "2"]
[White "RenanSoares1972"]
[Black "Vegan4future"]
[Result "0-1"]
[WhiteElo "2064"]
[BlackElo "2389"]
[TimeControl "180+1"]
[EndTime "12:16:42 PDT"]
[Termination "Vegan4future won on time"]

1. d4 Nf6 2. c4 g6 3. Nc3 Bg7 4.
e4 d6 5. Nf3 O-O 6. Be2 e5 7.
O-O Nc6 8. d5 Ne7 9. Nd2 Nd7 10.
b4 a5 11. bxa5 c5 12. Nb3 f5 13. f3 f4 14. Nb5 Nf6 15. Bd2 g5 16. Bc3 h5 17.
Rc1 Ng6 18. Bb2 g4 19. Ba3 Rf7 20. Nxd6 Qxd6 21. Bxc5 Qd8 22. Bb6 Qe8 23. c5 Bf8 24. d6 g3 25. h3 Be6 26. Bc4 Kh7 27. Bxe6 Qxe6 28. Nd2 Nh4 29. Nb1 Kh6 30. Nc3 Nh7 31. Nb5 Ng5 32. Nc7 Nxh3+ 33. gxh3 Qxh3 34. Qd2 g2 35. Kf2 Qxf3+ 0-1

[Event "*** Titled Tuesday Blitz"]
[Site "Chess.com"]
[Date "2020.05.19"]
[Round "2"]
[White "Art10ECHR"]
[Black "talaicito"]
[Result "0-1"]
[WhiteElo "2394"]
[BlackElo "2164"]
[TimeControl "180+1"]
[EndTime "12:16:44 PDT"]
[Termination "talaicito won by resignation"]

1. c4 e6 2. Nf3 f5 3. g3 Nf6 4. Bg2 Be7 5. O-O O-O 6. Nc3 d6 7. d4 Ne4 8. Qc2 Nxc3 9. Qxc3 a5 10. Re1 Nc6 11. a3 Bf6 12. b3 e5 13. d5 e4 14.
Qc2 exf3 15. dxc6 Bxa1 16. Bxf3 bxc6 17. Bxc6 Ra6 18. Bb5 Rb6 19. Be3 Qf6 20. Bxb6 cxb6 21. Bc6 f4 22. Bf3 fxg3 23. hxg3 Bd4 24. Kg2 Bb7 25. Qd3 Bxf3+ 26. exf3 Bc5 27. Qd5+ Qf7 28. Qc6 h6 29. Rd1 Qf6 30. Rd3 Qb2 31. a4 Qxf2+ 32.
Kh3 Qf1+ 33. Kg4 Qxd3 0-1

[Event "*** Titled Tuesday Blitz"]
[Site "Chess.com"]
[Date "2020.05.19"]
[Round "2"]
[White "SirMittensofMittensville"]
[Black "fidezivkovic"]
[Result "1-0"]
[WhiteElo "2645"]
[BlackElo "2322"]
[TimeControl "180+1"]
[EndTime "12:16:45 PDT"]
[Termination "SirMittensofMittensville won on time"]

1. d4 Nf6 2. Bf4 e6 3. e3 c5 4. c3 b6 5. Nd2 Bb7 6. Ngf3 Be7 7. Bd3 cxd4 8. exd4 O-O 9. O-O d6 10. Qe2 a6 11. a4 Nbd7 12. Rfe1 Re8 13. h3 Nf8 14. Bh2 Ng6 15. Nc4 Nd5 16. Qd2 Bc6 17. Bg3 Qd7 18. Be4 Rab8 19. Qd1 Ndf4 20. Bxc6 Qxc6 21. Ne3 b5 22. axb5 axb5 23. Ra7 Ra8 24. Qa1 Rxa7 25. Qxa7 Ra8 26. d5 Rxa7 27. dxc6 e5 28. Bxf4 Nxf4 29. g3 Nxh3+ 30. Kg2 Ng5 31. Nxg5 Bxg5 32. Nd5 Bd8 33. Re4 f5 34. Rb4 Kf7 35. Rxb5 Ke6 36. c4 g5 37.
Rb7 Ra4 38. c7 Bxc7 39. Rxc7 1-0

[Event "*** Titled Tuesday Blitz"]
[Site "Chess.com"]
[Date "2020.05.19"]
[Round "2"]
[White "SARGISMV"]
[Black "RobPeresian"]
[Result "0-1"]
[WhiteElo "2450"]
[BlackElo "2289"]
[TimeControl "180+1"]
[EndTime "12:16:45 PDT"]
[Termination "RobPeresian won by checkmate"]

1. Nf3 d5 2. c4 c6 3. e3 Nf6 4. Nc3 a6 5. b3 Bf5 6. Bb2 h6 7.
Be2 e6 8. O-O Nbd7 9. d3 Be7 10.
Rc1 O-O 11. Rc2 Bh7 12. Qa1 a5 13. Rd1 Bd6 14. h3 Qe7 15. a3 Rfd8 16. Rcd2 Nc5 17. Qa2 a4 18. b4 Nb3 19. c5 Nxd2 20. Rxd2 Bc7 21. Bd1 e5 22. Nxa4 e4 23. dxe4 Nxe4 24. Rd4 Re8 25. Nc3 Nxf2 26. Kxf2 Qxe3+ 27. Kf1 Bg3 28. Rd2 Qe1+ 29. Nxe1 Rxe1# 0-1

[Event "*** Titled Tuesday Blitz"]
[Site "Chess.com"]
[Date "2020.05.19"]
[Round "2"]
[White "Mykola-Bortnyk"]
[Black "eightbyeightchess"]
[Result "1-0"]
[WhiteElo "2883"]
[BlackElo "2548"]
[TimeControl "180+1"]
[EndTime "12:16:47 PDT"]
[Termination "Mykola-Bortnyk won by resignation"]

1. e4 e6 2. c4 d5 3. cxd5 exd5 4. e5 c5 5. Nf3 Nc6 6. Bb5 Ne7 7. d4 a6 8. Be2 cxd4 9. Nxd4 Nxe5 10. O-O N7c6 11.
Nc3 Be7 12. Bf4 Ng6 13. Bg3 O-O 14. Bf3 Bf6 15. Nb3 d4 16. Nd5 Be6 17. Nc7 Bxb3 18. Qxb3 Rc8 19. Qxb7 Nce5 20. Nxa6 Nxf3+ 21. Qxf3 Qb6 22. Qd3 Qxb2 23. Nc7 Ne5 24. Bxe5 Bxe5 25. Nd5 Rfe8 26. a4 Qb7 27. Qf3 Rcd8 28. Nf6+ Bxf6 29. Qxb7 d3 30. Rad1 1-0

[Event "*** Titled Tuesday Blitz"]
[Site "Chess.com"]
[Date "2020.05.19"]
[Round "2"]
[White "Mashenka97"]
[Black "Shahinyan_ChessMood"]
[Result "0-1"]
[WhiteElo "2354"]
[BlackElo "2659"]
[TimeControl "180+1"]
[EndTime "12:16:48 PDT"]
[Termination "Shahinyan_ChessMood won by resignation"]

1. e4 e6 2. d4 d5 3. Nc3 Bb4 4. e5 c5 5. Bd2 Ne7 6. a3 Bxc3 7.
Bxc3 cxd4 8. Qxd4 Nbc6 9. Qg4 O-O 10. O-O-O Nf5 11. Bd3 d4 12. Bxf5 exf5 13. Qf4 Qd5 14. Bxd4 Qa2 15. Nf3 Rd8 16. b3 Nxd4 17. Rxd4 Be6 18.
Rhd1 Rdc8 19. Ne1 Bxb3 20. Qxf5 Qa1+ 0-1

[Event "*** Titled Tuesday Blitz"]
[Site "Chess.com"]
[Date "2020.05.19"]
[Round "2"]
[White "ChronicUnhappiness"]
[Black "1977Ivan"]
[Result "0-1"]
[WhiteElo "2288"]
[BlackElo "2617"]
[TimeControl "180+1"]
[EndTime "12:16:51 PDT"]
[Termination "1977Ivan won by resignation"]

1. c4 e5 2. Nc3 Bb4 3. Nd5 Bc5 4. g3 c6 5. Nc3 d5 6. cxd5 cxd5 7. Bg2 Nf6 8. d3 O-O 9. Nf3 Nc6 10. O-O h6 11. a3 d4 12. Na4 Bd6 13. b4 Be6 14. Nd2 Bd5 15. Bxd5 Nxd5 16. b5 Na5 17. Nc4 Rc8 18.
Nxd6 Qxd6 19. Bd2 Nc3 20. Bxc3 dxc3 21. Qc2 Rc7 22. Rab1 b6 23. Rb4 Rfc8 24. e3 Nb7 25.
d4 exd4 26. exd4 Na5 27. Rd1 Qd5 28. Rd3 Qe4 29. d5 Qe1+ 30. Kg2 Nc4 31. Rxc3 Nd2 32. Qd3 Rxc3 33. Nxc3 Rxc3 0-1

[Event "*** Titled Tuesday Blitz"]
[Site "Chess.com"]
[Date "2020.05.19"]
[Round "2"]
[White "2L8IWUN"]
[Black "quesfr"]
[Result "1-0"]
[WhiteElo "2532"]
[BlackElo "2287"]
[TimeControl "180+1"]
[EndTime "12:16:51 PDT"]
[Termination "2L8IWUN won by resignation"]

1. Nf3 d5 2. d4 Nf6 3. c4 e6 4. Nc3 Be7 5. Bf4 O-O 6. e3 b6 7. cxd5 Nxd5 8. Nxd5 Qxd5 9. Be2 Qa5+ 10. Nd2 Bb7 11. O-O c5 12. Nc4 Qb5 13. Nd6 Qd7 14. Nxb7 Qxb7 15. Bf3 Nc6 16. b4 cxb4 17. Qc2 Rac8 18.
Rfc1 Nxd4 19. exd4 Qd7 20. Qd3 Bf6 21. Be3 a5 22. h3 e5 23. Rxc8 Rxc8 24. Bg4 e4 25. Bxd7 exd3 26. Bxc8 1-0

[Event "*** Titled Tuesday Blitz"]
[Site "Chess.com"]
[Date "2020.05.19"]
[Round "2"]
[White "Karacsonyi_Gellert"]
[Black "savagemedusa"]
[Result "1-0"]
[WhiteElo "2463"]
[BlackElo "2261"]
[TimeControl "180+1"]
[EndTime "12:16:51 PDT"]
[Termination "Karacsonyi_Gellert won by resignation"]

1. e4 c5 2. Nf3 e6 3. d4 cxd4 4.
Nxd4 Nc6 5. Nc3 Qc7 6. Be3 a6 7. a3 Nf6 8. f4 d5 9. exd5 exd5 10. Be2 Be7 11. Qd2 O-O 12. O-O-O Nxd4 13. Bxd4 Be6 14.
g4 Ne4 15. Nxe4 dxe4 16. f5 Bc4 17. Bxg7 Kxg7 18. Qd4+ Bf6 19. Qxc4 Qxc4 20. Bxc4 Bg5+ 21. Kb1 Rfe8 22. Rd7 Re7 23. Rxe7 Bxe7 24. Re1 Bd6 25. Rxe4 Bxh2 26. Re7 b5 27. Rxf7+ Kh6 28. Bd3 Re8 29. f6 Re1+ 30. Ka2 Be5 31. Rxh7+ Kg5 32. f7 Bd6 33.
Bf5 Rf1 34. Rh8 1-0

[Event "*** Titled Tuesday Blitz"]
[Site "Chess.com"]
[Date "2020.05.19"]
[Round "2"]
[White "JozefKneht"]
[Black "Grandelicious"]
[Result "1-0"]
[WhiteElo "2518"]
[BlackElo "2746"]
[TimeControl "180+1"]
[EndTime "12:16:52 PDT"]
[Termination "JozefKneht won by resignation"]

1. e4 c5 2. Nf3 d6 3. d4 cxd4 4. Nxd4 Nf6 5. Nc3 a6 6. Bg5 e6 7. f4 Be7 8. Qf3 Qc7 9. O-O-O Nbd7 10. g4 b5 11. Bxf6 Bxf6 12. g5 Bxd4 13. Rxd4 Rb8 14. a3 O-O 15. Be2 Rb6 16. Rhd1 Bb7 17. h4 f5 18.
gxf6 Rxf6 19. Qg3 e5 20. fxe5 Nxe5 21. h5 h6 22. Bg4 a5 23. Nd5 Bxd5 24. exd5 Nxg4 25.
Rxg4 b4 26. Rg1 Rf7 27. Qe3 Rb8 28. Qxh6 bxa3 29. Qe6 Kh8 30. h6 a2 31. hxg7+ Kg8 32.
Kd2 Rxb2 33. Qe8+ 1-0

[Event "*** Titled Tuesday Blitz"]
[Site "Chess.com"]
[Date "2020.05.19"]
[Round "2"]
[White "heartofatiger"]
[Black "Kensei26"]
[Result "1-0"]
[WhiteElo "2465"]
[BlackElo "2262"]
[TimeControl "180+1"]
[EndTime "12:16:52 PDT"]
[Termination "heartofatiger won by resignation"]

1. d4 Nf6 2. c4 c5 3. g3 g6 4. Nf3 Bg7 5. Bg2 O-O 6. O-O cxd4 7. Nxd4 Nc6 8. Nc3 Nxd4 9. Qxd4 d6 10. Qd3 Qa5 11.
Bd2 Bf5 12. e4 Be6 13. b3 a6 14. Rfc1 Rac8 15. Nd5 Qd8 16. Nf4 Nd7 17. Bc3 Ne5 18.
Qe3 b5 19. cxb5 axb5 20. Bf1 Bg4 21. Bxb5 Nf3+ 22. Kg2 Rxc3 23. Rxc3 Qa5 24. Nd5 Qxb5 25. h3 Bd4 26. Qh6 Bg7 27. Nxe7+ Kh8 28. Qe3 Bxc3 29. Qxc3+ Qe5 30. Qxe5+ Nxe5 31. hxg4 Nxg4 32. Nd5 Rc8 33. Kf3 Ne5+ 34. Ke2 Rc2+ 35. Ke3 Ng4+ 36. Kd4 Rxf2 37. a4 Ne5 38. a5 Rf3 39. Nb4 Rxb3 40. Ra4 Rxb4+ 41.
Rxb4 Nc6+ 42. Kc3 Nxa5 43. Rb6 Kg7 44. Kb4 d5 45. exd5 1-0

[Event "*** Titled Tuesday Blitz"]
[Site "Chess.com"]
[Date "2020.05.19"]
[Round "2"]
[White "TreinadorBR"]
[Black "korbul"]
[Result "0-1"]
[WhiteElo "2259"]
[BlackElo "2462"]
[TimeControl "180+1"]
[EndTime "12:16:52 PDT"]
[Termination "korbul won on time"]

1. e4 c5 2. Nf3 e6 3. d4 cxd4 4. Nxd4 Nf6 5. Nc3 d6 6. g4 a6 7. h3 Nfd7 8. Bg2 b5 9. Qe2 Bb7 10. a3 Nb6 11. Be3 N8d7 12. f4 Rc8 13. O-O-O Rxc3 14. bxc3 d5 15. exd5 Bxa3+ 16. Kd2 Nxd5 17. f5 Qc7 18. Qd3 Ne5 19. Nxb5 axb5 20. Qxb5+ Bc6 21. Qb3 O-O 22. Bd4 Bd6 23. Rhe1 Nf4 24. Bxc6 Nxc6 0-1

[Event "*** Titled Tuesday Blitz"]
[Site "Chess.com"]
[Date "2020.05.19"]
[Round "2"]
[White "Ana_Berke"]
[Black "Rodchenkov_Vitalij"]
[Result "1/2-1/2"]
[WhiteElo "2107"]
[BlackElo "2390"]
[TimeControl "180+1"]
[EndTime "12:16:55 PDT"]
[Termination "Game drawn by repetition"]

1. e4 e6 2. d4 d5 3. Nd2 c5 4. Ngf3 cxd4 5. exd5 Qxd5 6. Bc4 Qd6 7. O-O Nf6 8. Re1 Nc6 9. Nb3 Bd7 10. Nbxd4 Nxd4 11.
Qxd4 Qxd4 12. Nxd4 Rc8 13. Bd3 Bc5 14. Nf3 O-O 15.
Be3 Bxe3 16. Rxe3 Rfd8 17. h3 Nd5 18. Ree1 Nb4 19. Ne5 Nxd3 20. cxd3 Bb5 21. Rac1 f6 22. Nc4 Rxd3 23. b3 Bxc4 24. Rxc4 Rxc4 25. bxc4 Rc3 26. Rxe6 Rxc4 27. Re7 Ra4 28. Rxb7 Rxa2 29. h4 h5 30. g3 a5 31. Ra7 a4 32. Kg2 a3 33. Kf3 Kh7 34.
Kg2 Kg6 35. Ra5 Ra1 36. Kf3 a2 37. Kg2 Kf7 38. Ra6 Ke7 39. Kf3 Kd7 40. Kf4 Kc7 41.
Kf5 Kb7 42. Ra3 Kb6 43. Kg6 Kb5 44. Kxg7 Kb4 45. Ra8 Kb3 46. Rb8+ Kc2 47. Ra8 f5 48. Kg6 f4 49. Kxh5 f3 50. g4 Kb2 51. Rb8+ Kc1 52. Ra8 Kb2 53. Rb8+ Kc1 54. Ra8 Kb2 1/2-1/2

[Event "*** Titled Tuesday Blitz"]
[Site "Chess.com"]
[Date "2020.05.19"]
[Round "2"]
[White "sopo-tereladze"]
[Black "GMSrinath"]
[Result "0-1"]
[WhiteElo "2342"]
[BlackElo "2799"]
[TimeControl "180+1"]
[EndTime "12:16:56 PDT"]
[Termination "GMSrinath won by resignation"]

1. e4 c5 2. Nf3 Nc6 3. Bb5 g6 4.
d3 Bg7 5. O-O Nd4 6. Bc4 e6 7.
c3 Nxf3+ 8. Qxf3 Ne7 9. Bg5 O-O 10. Bf6 Bxf6 11. Qxf6 Nc6 12. Qf4 d5 13. exd5 exd5 14.
Bb3 Re8 15. Nd2 Bf5 16. d4 c4 17. Bd1 Bd3 18. Bf3 Bxf1 19. Nxf1 h5 20. Ne3 Ne7 21. Re1 Nf5 22. h3 Nxe3 23. fxe3 Kg7 24. Rf1 Qd7 25. Qg5 f6 26. Qxd5 Qxd5 27. Bxd5 Rxe3 28. Bxc4 Rae8 29. a4 Re1 30. Bd5 b6 31. Kf2 R8e2+ 32. Kg1 Rxf1+ 33.
Kxf1 Rxb2 34. Be4 Rb3 35. d5 Rxc3 36. d6 Rc4 0-1

[Event "*** Titled Tuesday Blitz"]
[Site "Chess.com"]
[Date "2020.05.19"]
[Round "2"]
[White "zubridis"]
[Black "Mimsychess"]
[Result "1-0"]
[WhiteElo "2461"]
[BlackElo "2256"]
[TimeControl "180+1"]
[EndTime "12:16:56 PDT"]
[Termination "zubridis won by resignation"]

1. Nf3 d5 2. d4 Nf6 3. c4 e6 4.
g3 dxc4 5. Bg2 Nc6 6. O-O Rb8 7. Nc3 b5 8. Ne5 Nxe5 9. dxe5 Nd7 10. Qd4 Bc5 11. Qg4 O-O 12. Bh6 g6 13. Ne4 Nxe5 14.
Qf4 Nd7 15. Nxc5 Nxc5 16. Qe5 f6 17. Qxc5 Rf7 18. Rfd1 Rd7 19. Rxd7 Bxd7 20. Rd1 Qe8 21. Qxa7 Rc8 22. Qd4 Rd8 23. Qxf6 1-0

[Event "*** Titled Tuesday Blitz"]
[Site "Chess.com"]
[Date "2020.05.19"]
[Round "2"]
[White "BakaPG"]
[Black "Xeniya2005"]
[Result "1-0"]
[WhiteElo "2607"]
[BlackElo "2277"]
[TimeControl "180+1"]
[EndTime "12:16:59 PDT"]
[Termination "BakaPG won by checkmate"]

1. e4 e6 2. d4 d5 3. e5 c5 4. c3 Nc6 5. Nf3 Bd7 6. Be2 Rc8 7. O-O Qb6 8. a3 c4 9. Nbd2 Qa6 10. b3 b5 11. a4 Rb8 12. Bb2 Na5 13.
axb5 Qxb5 14. bxc4 dxc4 15. Ba3 Bxa3 16. Rxa3 Qd5 17.
Rxa5 Qxa5 18. Nxc4 Qc7 19. Nd6+ Kf8 20. c4 Ne7 21. c5 Bc6 22. Ng5 Be8 23. Bd3 h6 24. Qh5 Nd5 25. f4 Rb2 26. f5 Ne3 27. Nxe6+ fxe6 28. Qxe8# 1-0

[Event "*** Titled Tuesday Blitz"]
[Site "Chess.com"]
[Date "2020.05.19"]
[Round "2"]
[White "binbin239"]
[Black "Pultis"]
[Result "0-1"]
[WhiteElo "2506"]
[BlackElo "2780"]
[TimeControl "180+1"]
[EndTime "12:17:00 PDT"]
[Termination "Pultis won by resignation"]

1. d4 Nf6 2. c4 g6 3. Nc3 d5 4.
cxd5 Nxd5 5. e4 Nxc3 6. bxc3 Bg7 7. Bc4 O-O 8. Ne2 b6 9. O-O Bb7 10. f3 e6 11. Be3 c5 12. dxc5 Qc8 13. Rb1 Nd7 14.
Kh1 Nxc5 15. Nd4 Rd8 16. Qe2 Ba6 17. Rfd1 Bxc4 18. Qxc4 Qd7 19. h3 Rac8 20. Qf1 Qa4 21. Bg5 Rd7 22. Nb3 Rxd1 23. Qxd1 Bxc3 24. Nxc5 Qxd1+ 25. Rxd1 bxc5 26. Rd7 a5 27. Ra7 Bb4 28. a3 Bxa3 29.
Rxa5 Bb2 30. Rb5 Bd4 31. f4 c4 32. f5 exf5 33. exf5 c3 34. Bc1 Re8 35. Kh2 Kg7 36. Rd5 Bf6 37. g4 Re1 38. Bf4 g5 39. Bg3 c2 0-1

[Event "*** Titled Tuesday Blitz"]
[Site "Chess.com"]
[Date "2020.05.19"]
[Round "2"]
[White "jonaszmb"]
[Black "GMHess"]
[Result "0-1"]
[WhiteElo "2516"]
[BlackElo "2806"]
[TimeControl "180+1"]
[EndTime "12:17:01 PDT"]
[Termination "GMHess won by resignation"]

1. d4 g6 2. c4 Bg7 3. Nf3 d6 4.
g3 Nf6 5. Bg2 O-O 6. O-O c6 7.
Nc3 Qa5 8. Bd2 Qc7 9. Rc1 e5 10. dxe5 dxe5 11. c5 Na6 12. Na4 Be6 13. Ng5 Bxa2 14.
b3 Rad8 15. Rc3 h6 16. Nh3 Nd5 17. Bxd5 Rxd5 18. Qc2 Nb4 19. Qb2 Qd7 20. Be1 Qxh3 21.
Re3 e4 22. Bc3 Rh5 0-1

[Event "*** Titled Tuesday Blitz"]
[Site "Chess.com"]
[Date "2020.05.19"]
[Round "2"]
[White "peixe64"]
[Black "Rud_Makarian"]
[Result "0-1"]
[WhiteElo "2254"]
[BlackElo "2561"]
[TimeControl "180+1"]
[EndTime "12:17:02 PDT"]
[Termination "Rud_Makarian won by resignation"]

1. d4 Nf6 2. c4 g6 3. Nc3 Bg7 4. e4 d6 5. h3 O-O 6. Nf3 e5 7.
d5 Na6 8. Be2 Nc5 9. Qc2 Nh5 10.
g3 f5 11. Nh4 Nf4 12. Be3 Nxe2 13. Qxe2 f4 14. Bxc5 fxg3 15. fxg3 dxc5 16. O-O-O Qg5+ 17. Kb1 Qxg3 18. Qe1 Qxe1 19. Rdxe1 Bd7 20. Ng2 Rf2 21. Ne3 h5 22. Reg1 Kh7 23. Rf1 Raf8 24. Rxf2 Rxf2 25. Nc2 g5 26. b4 cxb4 27. Nxb4 b6 28. Na6 Kg6 29. Nxc7 g4 30. hxg4 hxg4 31. N3b5 g3 32. Rg1 g2 33. d6 Rf1+ 0-1

[Event "*** Titled Tuesday Blitz"]
[Site "Chess.com"]
[Date "2020.05.19"]
[Round "2"]
[White "DACF2905"]
[Black "Gennady_Kozlov"]
[Result "1-0"]
[WhiteElo "2323"]
[BlackElo "2576"]
[TimeControl "180+1"]
[EndTime "12:17:02 PDT"]
[Termination "DACF2905 won by resignation"]

1. c4 e6 2. Nc3 b6 3. Nf3 Bb7 4. e3 f5 5. d4 Nf6 6. Be2 Be7 7. O-O O-O 8. d5 Qe8 9. Ne5 Bd6 10. f4 exd5 11. cxd5 Bxe5 12. fxe5 Qxe5 13. d6 cxd6 14. Nb5 Nd5 15. Bc4 Na6 16. Qd4 Kh8 17. Qxe5 dxe5 18. Nd6 Rac8 19. Nxc8 Rxc8 20. Bxd5 Bxd5 21. Rxf5 d6 22.
Bd2 Be4 23. Rf7 Kg8 24. Rxa7 Rc2 25. Rc1 Rxc1+ 26. Bxc1 Nc5 27. Bd2 h5 28. b4 Nd3 29.
a4 Nb2 30. a5 Nc4 31. Bc1 d5 32.
axb6 Nxb6 33. b5 d4 34. exd4 exd4 35. Ra6 Nc4 36. b6 d3 37. Ra4 d2 38. Bxd2 Nxd2 39. Rxe4 1-0

[Event "*** Titled Tuesday Blitz"]
[Site "Chess.com"]
[Date "2020.05.19"]
[Round "2"]
[White "hedgehog280"]
[Black "larisakalinina"]
[Result "1-0"]
[WhiteElo "2588"]
[BlackElo "2027"]
[TimeControl "180+1"]
[EndTime "12:17:04 PDT"]
[Termination "hedgehog280 won by resignation"]

1. c4 e5 2. Nc3 Nc6 3. Nf3 g6 4. d4 exd4 5. Nxd4 Bg7 6. Nc2 Nge7 7. g3 O-O 8. Bg2 d6 9. O-O Bg4 10. Ne3 Be6 11. Ned5 Qd7 12. Bh6 Bxd5 13. Nxd5 Nxd5 14. Bxg7 Kxg7 15. cxd5 Ne5 16. Qd4 f6 17. Rac1 a5 18. Rc3 c5 19. dxc6 bxc6 20. f4 c5 21. Qd2 Nc6 22.
Rxc5 Rac8 23. Rd5 Rfd8 24. Rd1 Qa7+ 25. Kh1 Nb4 26. Rxd6 Rxd6 27. Qxd6 Nxa2 28. Qe6 Rc7 29. Qxa2 a4 30. Qe6 Qb7 1-0

[Event "*** Titled Tuesday Blitz"]
[Site "Chess.com"]
[Date "2020.05.19"]
[Round "2"]
[White "Sanyura"]
[Black "StephenDedalus83"]
[Result "0-1"]
[WhiteElo "2493"]
[BlackElo "2740"]
[TimeControl "180+1"]
[EndTime "12:17:06 PDT"]
[Termination "StephenDedalus83 won by resignation"]

1. Nf3 c5 2. g3 Nc6 3. d3 e5 4.
Bg2 d5 5. O-O f6 6. Nc3 Nge7 7.
a3 Bg4 8. h3 Be6 9. b4 cxb4 10.
axb4 Nxb4 11. Ba3 Nec6 12. Qb1 a5 13. Nb5 Be7 14. c4 dxc4 15. dxc4 Bxc4 16. Rd1 Qb8 17. Nc3 O-O 18. Nh4 Rd8 19. Nf5 Bf8 20. Qe4 Be6 21. Qg4 Qc8 22. Be4 g6 23. Rxd8 Nxd8 24. Rc1 Bxf5 25.
Bxf5 Qxf5 26. Qc4+ Qe6 27. Qb5 Qc6 28. Qxc6 0-1

[Event "*** Titled Tuesday Blitz"]
[Site "Chess.com"]
[Date "2020.05.19"]
[Round "2"]
[White "PavelChernomordik"]
[Black "Luibov_AN"]
[Result "1-0"]
[WhiteElo "2392"]
[BlackElo "2068"]
[TimeControl "180+1"]
[EndTime "12:17:08 PDT"]
[Termination "PavelChernomordik won on time"]

1. e4 g6 2. Nc3 Bg7 3. h4 h6 4. f4 c5 5. h5 Nc6 6. hxg6 fxg6 7. Qg4 Kf7 8. Bc4+ e6 9. f5 gxf5 10. exf5 Ne5 11. fxe6+ dxe6 12. Qh5+ Kf8 13. Be2 a6 14.
Nf3 Nc6 15. Nh4 Nf6 16. Ng6+ Kg8 17. Qh4 Rh7 18. d3 Nd4 19. Bd1 Qe8 20. Ne5 Nd7 21. Nf3 Ne5 22. Nxd4 cxd4 23. Ne4 Qg6 24. O-O Bf8 25.
Bh5 1-0

[Event "*** Titled Tuesday Blitz"]
[Site "Chess.com"]
[Date "2020.05.19"]
[Round "2"]
[White "petrkostenko"]
[Black "GadimbayliA"]
[Result "0-1"]
[WhiteElo "2533"]
[BlackElo "2849"]
[TimeControl "180+1"]
[EndTime "12:17:11 PDT"]
[Termination "GadimbayliA won on time"]

1. e4 e5 2. Nf3 d5 3. exd5 e4 4. Qe2 Nf6 5. d3 Bb4+ 6. Nc3 O-O 7. dxe4 Nxe4 8. Qxe4 Re8 9. Ne5 Bxc3+ 10. bxc3 f6 11. f4 fxe5 12. fxe5 Nd7 13. Be2 Rxe5 14. Qd4 Qe8 15.
Qd1 Nf6 16. Kf1 Bd7 17. c4 Qg6 18. Bf3 Rae8 19. Bb2 Ng4 20. Qd2 Ne3+ 21. Kf2 Nxc4 22. Qc3 Qb6+ 23. Kg3 Rg5+ 0-1

[Event "*** Titled Tuesday Blitz"]
[Site "Chess.com"]
[Date "2020.05.19"]
[Round "2"]
[White "FeketeBarika"]
[Black "NIGWAPO"]
[Result "0-1"]
[WhiteElo "2273"]
[BlackElo "2568"]
[TimeControl "180+1"]
[EndTime "12:17:11 PDT"]
[Termination "NIGWAPO won by resignation"]

1. Nf3 b6 2. g3 Bb7 3. Bg2 c5 4. O-O Nf6 5. c4 e6 6. Nc3 d6 7. b3 Be7 8. Bb2 O-O 9. d4 cxd4 10. Qxd4 a6 11. Rad1 Nbd7 12. Rfe1 Qc7 13. e4 Rac8 14. Qd2 Rfd8 15. Nd4 Qb8 16. f4 Nc5 17. f5 e5 18.
Nc2 Bf8 19. h3 b5 20. cxb5 axb5 21. Kh2 Bc6 22. Nb4 Ba8 23. Nbd5 Nxd5 24. Nxd5 Bxd5 25. Qxd5 Qa8 26. Qxa8 Rxa8 27. Ra1 Nd3 28. Re2 g6 29.
Rd2 Nxb2 30. Rxb2 Bh6 31. a4 Be3 32. Rc2 Bd4 33. Raa2 b4 34. Rc4 Bc3 35. fxg6 hxg6 36. Bf1 f5 37. Bd3 fxe4 38. Rxe4 d5 39. Rg4 e4 40. Be2 Kg7 41. h4 Kh6 42. h5 gxh5 43. Rh4 Kg6 44. Rxh5 d4 45. g4 d3 46. Bd1 e3 47.
Rg2 Re8 48. Rd5 e2 49. Bxe2 dxe2 50. Rd6+ Kg7 51. Rd7+ Kg8 0-1

[Event "*** Titled Tuesday Blitz"]
[Site "Chess.com"]
[Date "2020.05.19"]
[Round "2"]
[White "Synctel"]
[Black "themind1hunter"]
[Result "0-1"]
[WhiteElo "1909"]
[BlackElo "2358"]
[TimeControl "180+1"]
[EndTime "12:17:12 PDT"]
[Termination "themind1hunter won on time"]

1. e4 c5 2. Ne2 d6 3. g3 g6 4.
Bg2 Nc6 5. c3 Nf6 6. d4 cxd4 7.
cxd4 Bg7 8. Nbc3 O-O 9. O-O Bg4 10. h3 Bd7 11. Be3 a6 12. Qd2 b5 13. Rac1 Rc8 14. f4 e5 15. fxe5 dxe5 16. d5 Na5 17.
b3 Ne8 18. Kh2 Nb7 19. b4 Ned6 20. Bg1 f5 21. Qd3 Nc4 22. exf5 gxf5 23. d6 Nbxd6 0-1

[Event "*** Titled Tuesday Blitz"]
[Site "Chess.com"]
[Date "2020.05.19"]
[Round "2"]
[White "AleksibFan"]
[Black "Gordima"]
[Result "0-1"]
[WhiteElo "2503"]
[BlackElo "2766"]
[TimeControl "180+1"]
[EndTime "12:17:13 PDT"]
[Termination "Gordima won on time"]

1. d4 Nf6 2. Bg5 Ne4 3. Bf4 c5 4. f3 Nf6 5. d5 Nh5 6. Be3 e5 7. c4 f5 8. Nc3 d6 9. Bf2 g6 10. e4 Bg7 11. Nge2 O-O 12. Nc1 Nd7 13. Nd3 Ndf6 14.
Be2 a6 15. a4 a5 16. Qd2 Nf4 17. Nxf4 exf4 18. exf5 Bxf5 19. O-O Nd7 20. Rae1 Ne5 21. Nb5 g5 22. b3 b6 23. g3 Bh3 24. g4 h5 25. Bd1 hxg4 26. fxg4 Qd7 27. Kh1 f3 28. Bg3 Bg2+ 29. Kg1 Qxg4 0-1

[Event "*** Titled Tuesday Blitz"]
[Site "Chess.com"]
[Date "2020.05.19"]
[Round "2"]
[White "Gareth-Bale11"]
[Black "karinachess1"]
[Result "0-1"]
[WhiteElo "2702"]
[BlackElo "2499"]
[TimeControl "180+1"]
[EndTime "12:17:13 PDT"]
[Termination "karinachess1 won by resignation"]

1. d4 Nf6 2. c4 d6 3. Nc3 e5 4. Nf3 e4 5. Nd2 Qe7 6. e3 g6 7. h3 h5 8. Be2 Bg7 9. Rg1 h4 10. f3 exf3 11. Nxf3 Bh6 12. Kf2 Bf5 13. Bd3 Be4 14. Qc2 Bxd3 15. Qxd3 Nc6 16. a3 O-O-O 17. e4 Rde8 18. Bxh6 Rxh6 19. Rge1 g5 20. Nd5 Qd8 21. Nh2 g4 22. hxg4 Rg6 23. Nf4 Rgg8 24. g5 Rxg5 25. Nf3 Rg4 26. Qe3 Rxe4 27. Qxe4 Nxe4+ 28. Rxe4 f5 29. Ne6 Qg8 30. Ree1 Rxg2+ 31. Kf1 Qg3 0-1